 Dungeon Crawl Stone Soup version 0.27-a0-1066-g29160ea (webtiles) character file.

Game seed: 4022667385733603052

724 GeorgeSoros the Firebug (level 7, -3/59 HPs)
             Began as a Hill Orc Fire Elementalist on Apr 23, 2021.
             Was an Initiate of Wu Jian.
             Slain by an orc warrior
             ... wielding a +0 trident
              (9 damage)
             ... on level 5 of the Dungeon.
             The game lasted 00:15:53 (4815 turns).

GeorgeSoros the Firebug (HOFE)                      Turns: 4815, Time: 00:15:54

Health: -3/59      AC:  3    Str: 11    XL:     7   Next: 71%
Magic:  9/9        EV: 11    Int: 17    God:    Wu Jian [......]
Gold:   1668       SH:  0    Dex: 11    Spells: 4/9 levels left

rFire    . . .     SeeInvis .   b - +3 double sword of the Pit {freeze, rPois}
rCold    . . .     Faith    .   g - +0 buckler {reflect}
rNeg     . . .     Spirit   .   i - +0 leather armour
rPois    +         Reflect  +   (no helmet)
rElec    .         Harm     .   (no cloak)
rCorr    .         Rampage  .   (no gloves)
Will     .....                  (no boots)
Stlth    +.........             e - amulet of magic regeneration
HPRegen  0.19/turn              (no ring)
MPRegen  0.36/turn              (no ring)

@: confused, ambrosia-drunk
A: no striking features
a: Renounce Religion


You were on level 5 of the Dungeon.
You worshipped Wu Jian.
Wu Jian was noncommittal.
You visited 2 branches of the dungeon, and saw 7 of its levels.

You collected 1668 gold pieces.

Inventory:

Hand Weapons
 b - the +3 double sword of the Pit (weapon) {freeze, rPois}
   (You acquired it on level 1 of the Dungeon)

   It has been specially enchanted to freeze those struck by it, causing extra
   injury to most foes and up to half again as much damage against particularly
   susceptible opponents.
   It can also slow down cold-blooded creatures.
   It protects you from poison.
 d - a +1 dagger of venom
Armour
 a - a +0 robe
 g - a +0 buckler of reflection (worn)
 i - a +0 leather armour (worn)
Jewellery
 e - an amulet of magic regeneration (around neck)
 m - a ring of see invisible
 p - a ring of fire
Wands
 f - a wand of charming (5)
Scrolls
 h - a scroll of summoning
 k - a scroll of enchant weapon
 l - a scroll of identify
 r - a scroll of teleportation
Potions
 c - a potion of mutation
 j - a potion of cancellation
 n - 2 potions of curing
 o - 2 potions of magic


   Skills:
 - Level 4.0 Fighting
 - Level 3.4 Long Blades
 - Level 1.5 Dodging
 - Level 1.5 Stealth
 - Level 4.0 Shields
 - Level 1.5 Spellcasting
 + Level 3.6 Conjurations
 + Level 5.2 Fire Magic


You had 4 spell levels left.
You knew the following spells:

 Your Spells              Type           Power      Damage    Failure   Level
a - Foxfire               Conj/Fire      64%        2x1d7     4%          1
b - Sticky Flame          Conj/Fire      16%        2d4       38%         4

Your spell library contained the following spells:

 Spells                   Type           Power      Damage    Failure   Level
 Conjure Flame            Conj/Fire      16%        6-21      13%         3
 Freeze                   Ice            4%         1d3       26%         1
 Inner Flame              Hex/Fire       10%        N/A       26%         3
 Frozen Ramparts          Ice            2%         1d2       63%         3
 Ozocubu's Armour         Ice            1%         N/A       63%         3
 Hailstorm                Conj/Ice       7%         3d4       77%         4
 Fireball                 Conj/Fire      8%         3d6       75%         5
 Metabolic Englaciation   Hex/Ice        0%         N/A       100%        5


Dungeon Overview and Level Annotations

Branches:
Dungeon (6/15)             Temple (1/1) D:5

Altars:
Ashenzari
Dithmenos
Elyvilon
Fedhas
Gozag
Hepliaklqana
Kikubaaqudgha
Nemelex Xobeh
Ru
Sif Muna
Trog
Uskayaw
Vehumet
Wu Jian
Xom
Yredelemnul
Zin

Shops:
D:5 =

Annotations:
D:6 Dowan, Duvessa


Message History

Unknown command.
The orc warrior closely misses you.
You riposte.
You hit the orc warrior. You freeze the orc warrior.
The orc warrior is lightly wounded.
Duvessa hits you with a +0 short sword.
You climb upwards.
There is a stone staircase leading down here.
You closely miss the orc.
The orc warrior hits you with a +0 trident!
The orc hits you but does no damage.
You closely miss the orc.
The orc warrior hits you with a +0 trident!
The orc hits you but does no damage.
The orc warrior hits you with a +0 trident!
* * * LOW HITPOINT WARNING * * *
The orc hits you with a +0 club.
* * * LOW HITPOINT WARNING * * *
Okay, then.
Okay, then.
Okay, then.
Okay, then.
You are confused.
You feel invigorated. The orc warrior closely misses you. The orc misses you.
You're too confused to move!
The orc warrior hits you with a +0 trident!
* * * LOW HITPOINT WARNING * * *
The orc hits you with a +0 club.
* * * LOW HITPOINT WARNING * * *
You bump into the rock wall.
The orc warrior misses you. The orc hits you with a +0 club.
* * * LOW HITPOINT WARNING * * *
You are too confused!
You bump into the rock wall.
The orc warrior hits you with a +0 trident.
* * * LOW HITPOINT WARNING * * *
The orc hits you with a +0 club.
* * * LOW HITPOINT WARNING * * *
You closely miss the orc.
The orc warrior hits you with a +0 trident!
You die...

##### #.... ########## #.###
.........# ##########.#..
########.###########..........#..
#.......o@o...###.|.##...<
############### #.#.......
#......... ##..####.. #..# #..
######## #..# ### #......#
##..####.. #.####.#####.........
#.##...........####.#


You could see an orc warrior and an orc.

Vanquished Creatures
  Grinder (D:3)
  An ice beast (D:6)
  A water moccasin zombie (D:3)
  2 scorpions
  A hound (D:3)
  A centaur skeleton (D:5)
  A bullfrog skeleton (D:2)
  2 iguanas
  2 adders
  2 shadow imps (D:5)
  2 ufetubi
  An adder skeleton (D:4)
  2 dart slugs (D:1)
  2 orcs
  2 bats (D:2)
  8 endoplasms
  5 giant cockroaches
  6 hobgoblins
  6 jackals
  6 kobolds
  6 quokkas
  12 ball pythons
  3 frilled lizards
  4 goblins
  7 rats
86 creatures vanquished.

Vanquished Creatures (collateral kills)
  2 foxfires (D:2)
2 creatures vanquished.

Vanquished Creatures (others)
  166 foxfires
  5 plants (D:2)
  5 toadstools (D:1)
176 creatures vanquished.

Grand Total: 264 creatures vanquished

Notes
Turn   | Place    | Note
-------+----------+-------------------------------------------
     0 | D:1      | GeorgeSoros the Hill Orc Fire Elementalist began the quest
                  | for the Orb.
     0 | D:1      | Reached XP level 1. HP: 14/14 MP: 3/3
   168 | D:1      | Reached skill level 1 in Fighting
   168 | D:1      | Reached XP level 2. HP: 23/23 MP: 0/4
   435 | D:1      | Identified 4 scrolls of acquirement
   435 | D:1      | Acquired a +0 buckler of reflection
   442 | D:1      | Acquired 666 gold pieces
   444 | D:1      | Acquired 853 gold pieces
   446 | D:1      | Acquired the +3 double sword of the Pit {freeze, rPois}
   724 | D:1      | Reached skill level 1 in Shields
   834 | D:1      | Reached XP level 3. HP: 28/28 MP: 5/5
  1102 | D:2      | Reached XP level 4. HP: 35/35 MP: 4/6
  1115 | D:2      | Found a white marble altar of Elyvilon.
  1912 | D:3      | Reached XP level 5. HP: 35/41 MP: 5/7
  1917 | D:3      | Learned a level 4 spell: Sticky Flame
  1977 | D:3      | Reached skill level 1 in Long Blades
  2105 | D:3      | Noticed Grinder
  2115 | D:3      | Paralysed by Grinder for 7 turns
  2135 | D:3      | Reached skill level 4 in Fire Magic
  2140 | D:3      | Killed Grinder
  2141 | D:3      | Reached XP level 6. HP: 37/51 MP: 3/8
  2769 | D:3      | You fall into a shaft and drop 3 floors!
  2804 | D:6      | Noticed an ice beast
  2832 | D:6      | Killed an ice beast
  2833 | D:6      | Reached XP level 7. HP: 57/57 MP: 2/9
  2886 | D:5      | Entered Level 5 of the Dungeon
  3211 | D:3      | Reached skill level 5 in Fire Magic
  3279 | D:3      | Found a radiant altar of Vehumet.
  3279 | D:3      | Found a faded altar of an unknown god.
  3286 | D:3      | Found a basalt altar of Yredelemnul.
  3288 | D:3      | Found a faded altar of an unknown god.
  3290 | D:3      | Found a glowing silver altar of Zin.
  3795 | D:5      | Found a broken altar of Ashenzari.
  3850 | D:5      | Found a staircase to the Ecumenical Temple.
  3856 | Temple   | Entered the Ecumenical Temple
  4056 | Temple   | Became a worshipper of the Wu Jian Council
  4604 | D:5      | Found Xamichyl's Jewellery Shop.
  4806 | D:6      | Noticed Duvessa
  4806 | D:6      | Noticed Dowan
  4812 | D:5      | HP: 2/59 [orc warrior/+0 trident (16)]
  4815 | D:5      | Slain by an orc warrior

Illustrated notes

Levels and vault maps discovered:
D:1:      ldierk_walled_garden, layout_basic
D:2:      layout_basic, serial_forest, infiniplex_forest_straight_5,
          infiniplex_forest_lined_3_way, infiniplex_forest_lined_room_2,
          infiniplex_forest_clump_C, infiniplex_forest_clump_curved,
          infiniplex_forest_clump_long, infiniplex_forest_clump_small,
          infiniplex_forest_pool, infiniplex_forest_lined_corner,
          infiniplex_forest_clump_long, basic_altar, minmay_bisected
D:3:      layout_basic, chequers_temple_overflow_minitemple,
          ebering_dispersal_statue_hall, minmay_misc_feat_plants, st_stairs_10,
          corexii_hall_statues_x, uniq_grinder
D:4:      layout_basic
D:5:      layout_loops_ring, ashenzari_altar_1, minmay_temple_entry_hall,
          serial_shops, shop_statue, minmay_misc_feat_nine_boxes
D:6:      minmay_diamond_boxcup, layout_basic, nicolae_overflow_crystal_walls,
          uniq_maggie, uniq_blork_the_orc, uniq_duvessa
Temple:   nicolae_temple_figure_eight

Skill      XL: |  1  2  3  4  5  6  7 |
---------------+----------------------+-----
Fighting       | 1 3 4 |  4.0
Shields        | 1 3 4 |  4.0
Long Blades    | 2 3 |  3.4
Conjurations   | 2 3 |  3.6
Fire Magic     | 4 5 |  5.2
Dodging        | |  1.5
Stealth        | |  1.5
Spellcasting   | |  1.5

Action                   |  1- 3 |  4- 6 |  7- 9 || total
-------------------------+-------+-------+-------++-------
Melee: Unarmed           |     6 |       |       ||     6
       Double sword      |    27 |    77 |    54 ||   158
 Cast: Foxfire           |    34 |    49 |    18 ||   101
Invok: Lunge             |       |       |     1 ||     1
  Use: Scroll            |     8 |     4 |     5 ||    17
       Potion            |       |       |     1 ||     1
 Stab: Sleeping          |     2 |     1 |     1 ||     4
Armor: Robe              |     5 |       |       ||     5
       Leather armour    |     2 |    20 |     8 ||    30
Dodge: Dodged            |    13 |    33 |    30 ||    76
Block: Buckler           |     6 |    18 |    11 ||    35
       Rpst.: Double sword |     2 |    11 |     7 ||    20

Table legend: (Time is in decaauts)
 A = Elapsed time spent in this place.
 B = Non-inter-level travel time spent in this place.
 C = Inter-level travel time spent in this place.
 D = Time resting spent in this place.
 E = Time spent auto-exploring this place.
 F = Levels seen in this place.
 G = Mean time per level.
                   A        B        C        D        E       F      G
               +--------+--------+--------+--------+--------+-----+--------+
         Total |   4884 |   4788 |     96 |     23 |   4011 |   7 |  697.7 |
       Dungeon |   4654 |   4586 |     68 |     23 |   3821 |   6 |  775.7 |
        Temple |    229 |    201 |     28 |      0 |    190 |   1 |  229.0 |
               +--------+--------+--------+--------+--------+-----+--------+

Top non-repeatable levels by time:
     D:3: 1273 daAuts
     D:1: 1033 daAuts
     D:5: 885 daAuts
     D:2: 861 daAuts
     D:4: 480 daAuts
  Temple: 229 daAuts
     D:6: 119 daAuts
